ESL (28 & UNDER)
BUTLER WHITE SOX @ NEWARK BULLDOGS
08/20/2028
 
TOP OF THE 1ST
Butler White Sox batting - Pitching for Newark Bulldogs : RHP Ben Larsen
Pitching: RHP Ben Larsen
Batting: RHB Jerry Moore 0-0: Foul Ball, location: 2F
0-1: Ball
1-1: Ball
2-1: Ball
3-1: Base on Balls
Batting: RHB Luis Fuentes 0-0: Called Strike
0-1: Ball
1-1: Ball
2-1: Ball
3-1: Called Strike
3-2: Base on Balls
Jerry Moore to second
Batting: RHB Bobby Murdock 0-0: Called Strike
0-1: Foul Ball, location: 2F
0-2: Strikes out swinging
Batting: RHB Luis Ramos 0-0: Called Strike
0-1: Ball
1-1: Swinging Strike
1-2: Ball
2-2: Ball
3-2: Ground out U3 (Groundball, 34S)
Jerry Moore to third
Luis Fuentes to second
Batting: LHB Thomas Dixon 0-0: 3-RUN HOME RUN (Flyball, 8LXD), Distance : 430 ft
Batting: RHB Tom Lang 0-0: Swinging Strike
0-1: Ground out U3 (Groundball, 34S)
Top of the 1st over - 3 run(s), 1 hit(s), 0 error(s), 0 left on base; Butler 3 - Newark 0
BOTTOM OF THE 1ST
Newark Bulldogs batting - Pitching for Butler White Sox : LHP Dexter Browning
Pitching: LHP Dexter Browning
Batting: LHB Gerardo Guzmán 0-0: Ball
1-0: Ball
2-0: Foul Ball, location: 2F
2-1: Fly out, F2 (Popup, 3S)
Batting: RHB Peter Sexton 0-0: Ball
1-0: Ball
2-0: Ball
3-0: Called Strike
3-1: Ground out 5-3 (Groundball, 56S)
Batting: RHB Tony Long 0-0: Foul Ball, location: 2F
0-1: Foul Ball, location: 2F
0-2: Reached on error, E6 (Groundball, 6D)
Batting: LHB Marvin Morris 0-0: Ball
1-0: 2-RUN HOME RUN (Line Drive, 9D), Distance : 457 ft
Batting: RHB Michael Skinner 0-0: SINGLE (Groundball, 56D)
Batting: LHB Gabriel Aragón 0-0: Swinging Strike
0-1: Foul Ball, location: 2F
0-2: Ball
1-2: Ball
2-2: Foul Ball, location: 2F
2-2: 2-RUN HOME RUN (Flyball, 9LD), Distance : 356 ft
Batting: LHB Wes Stone 0-0: SINGLE (Groundball, 4MD)
Batting: RHB Gabriel Villegas 0-0: Called Strike
0-1: Ball
1-1: Ball
2-1: SINGLE (Groundball, 4MD)
Wes Stone to second
Runner from 2nd tries for 3rd, SAFE, no throw
Batting: RHB Emílio Salas 0-0: Ball
1-0: Called Strike
1-1: Fly out, F8 (Flyball, 8LXD)
Bottom of the 1st over - 4 run(s), 5 hit(s), 1 error(s), 2 left on base; Butler 3 - Newark 4
TOP OF THE 2ND
Butler White Sox batting - Pitching for Newark Bulldogs : RHP Ben Larsen
Batting: LHB Jim Knight 0-0: Foul Ball, location: 2F
0-1: Foul Ball, location: 2F
0-2: Strikes out swinging
Batting: SHB Giel Molendijk 0-0: Ball
1-0: Ball
2-0: Called Strike
2-1: Swinging Strike
2-2: Ball
3-2: Foul Ball, location: 2F
3-2: Foul Ball, location: 2F
3-2: Base on Balls
Batting: SHB Tomás Escobar 0-0: Ball
1-0: Swinging Strike
1-1: Ball
2-1: Swinging Strike
2-2: Ground out 4-3 (Groundball, 34D)
Giel Molendijk to second
Batting: RHB Jerry Moore 0-0: Ball
1-0: Swinging Strike
1-1: Foul Ball, location: 2F
1-2: Ball
2-2: Ball
3-2: Base on Balls
Batting: RHB Luis Fuentes 0-0: Ball
1-0: Foul Ball, location: 2F
1-1: Ball
2-1: Ball
3-1: SINGLE (Groundball, 6MD)
Giel Molendijk to third
Jerry Moore to second
Runner from 3rd tries for Home, SAFE, no throw
Batting: RHB Bobby Murdock 0-0: Ball
1-0: Fielders Choice at 2nd, 4-6 (Groundball, 4)
Top of the 2nd over - 1 run(s), 1 hit(s), 0 error(s), 1 left on base; Butler 4 - Newark 4
BOTTOM OF THE 2ND
Newark Bulldogs batting - Pitching for Butler White Sox : LHP Dexter Browning
Batting: LHB Gerardo Guzmán 0-0: Ball
1-0: Called Strike
1-1: Foul Ball, location: 2F
1-2: Foul Ball, location: 2F
1-2: Strikes out looking
Batting: RHB Peter Sexton 0-0: Ball
1-0: Foul Ball, location: 2F
1-1: Swinging Strike
1-2: Ball
2-2: Ball
3-2: Strikes out looking
Batting: RHB Tony Long 0-0: Ball
1-0: Ball
2-0: Ball
3-0: Base on Balls
Batting: LHB Marvin Morris 0-0: Called Strike
0-1: Foul Ball, location: 2F
0-2: Ball
1-2: Ball
2-2: Ball
3-2: Foul Ball, location: 2F
3-2: Foul Ball, location: 2F
3-2: Foul Ball, location: 2F
3-2: Ground out 4-3 (Groundball, 4)
Bottom of the 2nd over - 0 run(s), 0 hit(s), 0 error(s), 1 left on base; Butler 4 - Newark 4
TOP OF THE 3RD
Butler White Sox batting - Pitching for Newark Bulldogs : RHP Ben Larsen
Batting: RHB Luis Ramos 0-0: Ball
1-0: Ground out 6-3 (Groundball, 6)
Batting: LHB Thomas Dixon 0-0: Ball
1-0: Foul Ball, location: 2F
1-1: Ball
2-1: Swinging Strike
2-2: Foul Ball, location: 2F
2-2: Ball
3-2: Ground out 3-1 (Groundball, 34)
Batting: RHB Tom Lang 0-0: Foul Ball, location: 2F
0-1: Ball
1-1: Foul Ball, location: 2F
1-2: Strikes out looking
Top of the 3rd over - 0 run(s), 0 hit(s), 0 error(s), 0 left on base; Butler 4 - Newark 4
BOTTOM OF THE 3RD
Newark Bulldogs batting - Pitching for Butler White Sox : LHP Dexter Browning
Batting: RHB Michael Skinner 0-0: Fly out, F8 (Flyball, 8LXD)
Batting: LHB Gabriel Aragón 0-0: Ball
1-0: Ball
2-0: Called Strike
2-1: Ground out 4-3 (Groundball, 34)
Batting: LHB Wes Stone 0-0: Foul Ball, location: 2F
0-1: Foul Ball, location: 2F
0-2: Fly out, F8 (Flyball, 8RS)
Bottom of the 3rd over - 0 run(s), 0 hit(s), 0 error(s), 0 left on base; Butler 4 - Newark 4
TOP OF THE 4TH
Butler White Sox batting - Pitching for Newark Bulldogs : RHP Ben Larsen
Batting: LHB Jim Knight 0-0: Called Strike
0-1: Foul Ball, location: 2F
0-2: Ball
1-2: Ground out 6-3 (Groundball, 6)
Batting: SHB Giel Molendijk 0-0: Called Strike
0-1: Foul Ball, location: 2F
0-2: Ball
1-2: Ball
2-2: Ball
3-2: Foul Ball, location: 2F
3-2: SINGLE (Line Drive, 34D)
Batting: SHB Tomás Escobar 0-0: Called Strike
0-1: Swinging Strike
0-2: Ball
1-2: Ball
2-2: Foul Ball, location: 2F
2-2: Foul Ball, location: 2F
2-2: Grounds into double play, 4-6-3 (Groundball, 4)
Top of the 4th over - 0 run(s), 1 hit(s), 0 error(s), 0 left on base; Butler 4 - Newark 4
BOTTOM OF THE 4TH
Newark Bulldogs batting - Pitching for Butler White Sox : LHP Dexter Browning
Batting: RHB Gabriel Villegas 0-0: Ball
1-0: Fly out, F5 (Popup, 5)
Batting: RHB Emílio Salas 0-0: Called Strike
0-1: Ball
1-1: Called Strike
1-2: Foul Ball, location: 2F
1-2: Ball
2-2: Foul Ball, location: 2F
2-2: Foul Ball, location: 2F
2-2: SOLO HOME RUN (Flyball, 8LXD), Distance : 409 ft
Batting: LHB Gerardo Guzmán 0-0: Ball
1-0: Ground out 4-3 (Groundball, 4)
Batting: RHB Peter Sexton 0-0: Swinging Strike
0-1: Fly out, F9 (Flyball, 89M)
Bottom of the 4th over - 1 run(s), 1 hit(s), 0 error(s), 0 left on base; Butler 4 - Newark 5
TOP OF THE 5TH
Butler White Sox batting - Pitching for Newark Bulldogs : RHP Ben Larsen
Batting: RHB Jerry Moore 0-0: Ball
1-0: Called Strike
1-1: Foul Ball, location: 2F
1-2: Strikes out swinging
Batting: RHB Luis Fuentes 0-0: Ball
1-0: Foul Ball, location: 2F
1-1: Called Strike
1-2: Ball
2-2: Ball
3-2: Base on Balls
Batting: RHB Bobby Murdock 0-0: SINGLE (Line Drive, 5D)
Luis Fuentes to second
Batting: RHB Luis Ramos 0-0: Ball
Luis Fuentes steals 3rd base
Bobby Murdock to second
1-0: Ground out 4-3 (Groundball, 4)
Luis Fuentes scores
Bobby Murdock to third
Pitching: RHP José Gonzáles
Batting: LHB Thomas Dixon 0-0: Called Strike
0-1: Ball
1-1: Foul Ball, location: 2F
1-2: Ball
2-2: Strikes out swinging
Top of the 5th over - 1 run(s), 1 hit(s), 0 error(s), 1 left on base; Butler 5 - Newark 5
BOTTOM OF THE 5TH
Newark Bulldogs batting - Pitching for Butler White Sox : LHP Dexter Browning
Batting: RHB Tony Long 0-0: Called Strike
0-1: Ground out 6-3 (Groundball, 6)
Batting: LHB Marvin Morris 0-0: Ball
1-0: Foul Ball, location: 2F
1-1: Ball
2-1: Ground out 4-3 (Groundball, 4)
Batting: RHB Michael Skinner 0-0: Ball
1-0: Ball
2-0: Foul Ball, location: 2F
2-1: Called Strike
2-2: SINGLE (Flyball, 7LM)
Batting: LHB Gabriel Aragón 0-0: Called Strike
0-1: Foul Ball, location: 2F
0-2: Ball
1-2: Foul Ball, location: 2F
1-2: Ball
2-2: Foul Ball, location: 2F
2-2: Ball
3-2: Ground out 6-3 (Groundball, 6M)
Bottom of the 5th over - 0 run(s), 1 hit(s), 0 error(s), 1 left on base; Butler 5 - Newark 5
TOP OF THE 6TH
Butler White Sox batting - Pitching for Newark Bulldogs : RHP José Gonzáles
Batting: RHB Tom Lang 0-0: Ball
1-0: Called Strike
1-1: Called Strike
1-2: SOLO HOME RUN (Flyball, 7D), Distance : 379 ft
Batting: LHB Jim Knight 0-0: Ball
1-0: Foul Ball, location: 2F
1-1: Foul Ball, location: 2F
1-2: Ball
2-2: Ball
3-2: Fly out, F7 (Flyball, 78S)
Batting: SHB Giel Molendijk 0-0: Called Strike
0-1: Ball
1-1: Ball
2-1: Fly out, F8 (Flyball, 8LM)
Batting: SHB Tomás Escobar 0-0: Swinging Strike
0-1: Ball
1-1: Called Strike
1-2: Ball
2-2: Ball
3-2: Ground out 4-3 (Groundball, 34D)
Top of the 6th over - 1 run(s), 1 hit(s), 0 error(s), 0 left on base; Butler 6 - Newark 5
BOTTOM OF THE 6TH
Newark Bulldogs batting - Pitching for Butler White Sox : LHP Dexter Browning
Pitching: RHP Steve Newman
Batting: LHB Wes Stone 0-0: Ball
1-0: Called Strike
1-1: Foul Ball, location: 2F
1-2: Strikes out looking
Batting: RHB Gabriel Villegas 0-0: Ball
1-0: Ball
2-0: Ball
3-0: Called Strike
3-1: Base on Balls
Batting: RHB Emílio Salas 0-0: Ball
1-0: SINGLE (Flyball, 8LS)
Gabriel Villegas to second
Batting: LHB Gerardo Guzmán 0-0: Ball
1-0: Ball
2-0: Called Strike
2-1: SINGLE (Line Drive, 56D)
Gabriel Villegas to third
Emílio Salas to second
Runner from 3rd tries for Home, SAFE, throw made home
Emílio Salas to third
Gerardo Guzmán to second
Batting: RHB Peter Sexton 0-0: Ball
1-0: Reached on error, E5 (Groundball, 5S)
Emílio Salas scores
Gerardo Guzmán to third
Batting: RHB Tony Long 0-0: Grounds into double play, 6-4-3 (Groundball, 56)
Bottom of the 6th over - 2 run(s), 2 hit(s), 1 error(s), 1 left on base; Butler 6 - Newark 7
TOP OF THE 7TH
Butler White Sox batting - Pitching for Newark Bulldogs : RHP José Gonzáles
Batting: RHB Jerry Moore 0-0: Swinging Strike
0-1: Foul Ball, location: 2F
0-2: Ball
1-2: Foul Ball, location: 2F
1-2: Ground out 4-3 (Groundball, 4)
Batting: RHB Luis Fuentes 0-0: Called Strike
0-1: Foul Ball, location: 2F
0-2: Ball
1-2: Foul Ball, location: 2F
1-2: Foul Ball, location: 2F
1-2: Strikes out swinging
Batting: RHB Bobby Murdock 0-0: Called Strike
0-1: Ball
1-1: Ball
2-1: Foul Ball, location: 2F
2-2: Foul Ball, location: 2F
2-2: Ball
3-2: Ground out 1-3 (Groundball, 13S)
Top of the 7th over - 0 run(s), 0 hit(s), 0 error(s), 0 left on base; Butler 6 - Newark 7
BOTTOM OF THE 7TH
Newark Bulldogs batting - Pitching for Butler White Sox : RHP Steve Newman
Pitching: LHP Luis Torres
Batting: LHB Marvin Morris 0-0: Called Strike
0-1: Ball
1-1: Swinging Strike
1-2: Ball
2-2: Ball
3-2: Base on Balls
Batting: RHB Michael Skinner 0-0: Ball
1-0: Ball
2-0: Called Strike
2-1: Foul Ball, location: 2F
2-2: Ball
3-2: Base on Balls
Marvin Morris to second
Pinch Hitting: RHB Joe Baker 0-0: Called Strike
0-1: Called Strike
0-2: Ball
1-2: Fly out, F8 (Flyball, 8LD)
Runner from 2nd tags up, SAFE at 3rd with throw
Pitching: RHP Carlos Olmedo
Batting: LHB Wes Stone 0-0: Called Strike
0-1: Ball
1-1: Ball
2-1: SINGLE (Line Drive, 78M)
Marvin Morris scores
Michael Skinner to second
Batting: RHB Gabriel Villegas 0-0: Called Strike
0-1: Foul Ball, location: 2F
0-2: Ball
1-2: Fly out, F9 (Flyball, 9LSF)
Pinch Hitting: LHB Wes Thompson 0-0: SINGLE (Groundball, 56D)
Michael Skinner to third
Wes Stone to second
Runner from 3rd tries for Home, SAFE, no throw
Batting: LHB Gerardo Guzmán 0-0: Called Strike
0-1: Ball
1-1: Ball
2-1: Swinging Strike
2-2: Foul Ball, location: 2F
2-2: Ball
3-2: SINGLE (Groundball, 6D)
Wes Stone to third
Wes Thompson to second
Wes Stone scores
Wes Thompson to third
Batting: RHB Peter Sexton 0-0: Ground out 4-3 (Groundball, 34)
Bottom of the 7th over - 3 run(s), 3 hit(s), 0 error(s), 2 left on base; Butler 6 - Newark 10
TOP OF THE 8TH
Butler White Sox batting - Pitching for Newark Bulldogs : RHP José Gonzáles
Now at 2B: Stan Simpson
Now in CF: Owen Moreno
Batting: RHB Luis Ramos 0-0: Ball
1-0: Swinging Strike
1-1: SINGLE (Flyball, 8LS)
Batting: LHB Thomas Dixon 0-0: Ball
1-0: Called Strike
1-1: Ball
2-1: Fielders Choice at 2nd, 4-6 (Groundball, 34)
Batting: RHB Tom Lang 0-0: Ball
1-0: Ball
2-0: Fly out, F8 (Flyball, 8RM)
Pitching: RHP Roberto Cordero
Batting: LHB Jim Knight 0-0: SINGLE (Line Drive, 56D)
Thomas Dixon to second
Pitching: RHP Chris Johns
Batting: SHB Giel Molendijk 0-0: Ball
1-0: Ball
2-0: Called Strike
2-1: Called Strike
2-2: Foul Ball, location: 2F
2-2: Ball
3-2: Ground out U3 (Groundball, 3)
Top of the 8th over - 0 run(s), 2 hit(s), 0 error(s), 2 left on base; Butler 6 - Newark 10
BOTTOM OF THE 8TH
Newark Bulldogs batting - Pitching for Butler White Sox : RHP Carlos Olmedo
Batting: RHB Tony Long 0-0: Ball
1-0: Ball
2-0: Ball
3-0: Base on Balls
Batting: LHB Marvin Morris 0-0: Ball
1-0: Ball
2-0: Ball
3-0: Base on Balls
Tony Long to second
Batting: RHB Michael Skinner 0-0: Called Strike
0-1: Swinging Strike
0-2: Ball
1-2: Ball
2-2: Foul Ball, location: 2F
2-2: Strikes out looking
Batting: RHB Stan Simpson 0-0: Ball
1-0: SINGLE (Line Drive, 89S)
Tony Long to third
Marvin Morris to second
Runner from 3rd tries for Home, SAFE, no throw
Batting: LHB Wes Stone 0-0: Called Strike
0-1: Ball
1-1: Ball
2-1: Swinging Strike
2-2: Foul Ball, location: 2F
2-2: Ball
3-2: Fly out, F8 (Flyball, 8RM)
Batting: RHB Gabriel Villegas 0-0: Ball
1-0: Swinging Strike
1-1: Ball
2-1: Ball
3-1: Base on Balls
Marvin Morris to third
Stan Simpson to second
Pitching: RHP Armando Rodríguez
Batting: LHB Owen Moreno 0-0: Called Strike
0-1: Called Strike
0-2: Ball
1-2: Ball
2-2: Foul Ball, location: 2F
2-2: Ball
3-2: Foul Ball, location: 2F
3-2: Base on Balls
Marvin Morris scores
Stan Simpson to third
Gabriel Villegas to second
Batting: LHB Gerardo Guzmán 0-0: Ball
1-0: Ball
2-0: Called Strike
2-1: Ball
3-1: Foul Ball, location: 2F
3-2: SINGLE (Groundball, 34D)
Stan Simpson scores
Gabriel Villegas to third
Owen Moreno to second
Gabriel Villegas scores
Owen Moreno to third
Batting: RHB Peter Sexton 0-0: Ball
1-0: Called Strike
1-1: Called Strike
1-2: Ball
2-2: Fielders Choice at 2nd, 4-6 (Groundball, 4)
Bottom of the 8th over - 4 run(s), 2 hit(s), 0 error(s), 1 left on base; Butler 6 - Newark 14
TOP OF THE 9TH
Butler White Sox batting - Pitching for Newark Bulldogs : RHP Chris Johns
Now at 3B: Juan Martínez
Batting: SHB Tomás Escobar 0-0: Called Strike
0-1: Called Strike
0-2: Ball
1-2: Foul Ball, location: 2F
1-2: Ball
2-2: Ground out 4-3 (Groundball, 34)
Batting: RHB Jerry Moore 0-0: Called Strike
0-1: Ball
1-1: Ball
2-1: Foul Ball, location: 2F
2-2: Ball
3-2: Base on Balls
Batting: RHB Luis Fuentes 0-0: Ball
1-0: Foul Ball, location: 2F
1-1: Swinging Strike
1-2: Strikes out swinging
Batting: RHB Bobby Murdock 0-0: Swinging Strike
0-1: Ball
1-1: Fly out, F4 (Popup, 4MD)
Top of the 9th over - 0 run(s), 0 hit(s), 0 error(s), 1 left on base; Butler 6 - Newark 14
Tuesday, August 8th, 2017 - OOTP Baseball 17.12 Build 75